 Dungeon Crawl Stone Soup version 0.22-a0-91-g23542c2 (webtiles) character file.

34193 KristoblXynda the Martial Artist (level 13, -5/102 HPs)
             Began as a Green Draconian Monk on Jan 22, 2018.
             Was a High Priest of Wu Jian.
             Slain by a skeletal warrior
             ... wielding a +1 morningstar of protection
             ... led by a skeletal warrior
              (12 damage)
             ... on level 15 of the Dungeon.
             The game lasted 00:51:49 (21442 turns).

KristoblXynda the Martial Artist (DrMo)            Turns: 21442, Time: 00:51:49

Health: -5/102     AC: 12    Str: 21    XL:     13   Next: 40%
Magic:  20/20      EV: 21    Int: 21    God:    Wu Jian [*****.]
Gold:   1006       SH:  5    Dex: 17    Spells: 19/22 levels left

rFire    . . .     SeeInvis .     - Unarmed
rCold    + . .     Gourm    +   g - +0 buckler
rNeg     . . .     Faith    .   (armour unavailable)
rPois    +         Spirit   .   y - +2 hat
rElec    .         Reflect  .   l - +0 cloak
rCorr    .         Harm     .   q - +0 pair of gloves
MR       .....     Rnd*Rage +   (no boots)
Stlth    ++........             f - amulet of the gourmand
HPRegen  0.27/turn              L - ring of Intercession {Int+6 Dex+2}
MPRegen  0.17/turn              B - +6 ring of strength

@: no status effects
A: breathe noxious fumes, unfitting armour, berserk 1, clever 1, cold resistance
1, poison resistance, cold-blooded, AC +8
a: Breathe Noxious Fumes, Wall Jump, Serpent's Lash, Heavenly Storm, Renounce
Religion


You were on level 15 of the Dungeon.
You worshipped Wu Jian.
Wu Jian was extremely pleased with you.
You were very full.

You visited 2 branches of the dungeon, and saw 16 of its levels.
You also visited: Labyrinth.

You collected 1006 gold pieces.

Inventory:

Missiles
 x - 2 throwing nets (quivered)
 P - 52 bolts
Armour
 g - a +0 buckler (worn)
 l - a +0 cloak (worn)
 q - a +0 pair of gloves (worn)
 y - a +2 hat (worn)
Magical Staves
 F - an uncursed staff of energy
Jewellery
 d - an uncursed ring of flight
 f - an amulet of the gourmand (around neck)
 r - an uncursed ring of protection from fire
 B - a +6 ring of strength (right hand)
 H - an uncursed ring of protection from magic
 L - the ring of Intercession (left hand) {Int+6 Dex+2}
   (You found it in a labyrinth)

   [ring of dexterity]

   It affects your intelligence (+6).
   It affects your dexterity (+2).
 O - an uncursed ring of protection from cold
Wands
 e - a wand of digging (15)
 k - a wand of acid (13)
 w - a wand of disintegration (33)
 D - a wand of scattershot (6)
 G - a wand of paralysis (11)
 I - a wand of iceblast (7)
Scrolls
 c - 6 scrolls of enchant weapon
 h - 2 scrolls of teleportation
 i - a scroll of enchant armour
 n - a scroll of fear
 o - 6 scrolls of amnesia
 p - a scroll of immolation
 A - 2 scrolls of identify
 K - a scroll of fog
 M - a scroll of remove curse
Potions
 b - 3 potions of brilliance
 m - 4 potions of flight
 t - 3 potions of curing
 u - 3 potions of haste
 v - 2 potions of agility
Books
 j - a book of Minor Magic

   Spells                             Type                      Level
   a - Magic Dart                     Conjuration                  1
   b - Blink                          Translocation                2
   c - Call Imp                       Summoning                    2
   d - Slow                           Hexes                        2
   e - Conjure Flame                  Conjuration/Fire             3
   f - Mephitic Cloud                 Conjuration/Poison/Air       3
 E - a book of Air

   Spells                             Type                      Level
   a - Shock                          Conjuration/Air              1
   b - Swiftness                      Charms/Air                   2
   c - Static Discharge               Conjuration/Air              3
   d - Airstrike                      Air                          4
   e - Lightning Bolt                 Conjuration/Air              5
 J - a book of Necromancy

   Spells                             Type                      Level
   a - Pain                           Necromancy                   1
   b - Animate Skeleton               Necromancy                   1
   c - Vampiric Draining              Necromancy                   3
   d - Regeneration                   Charms/Necromancy            3
   e - Animate Dead                   Necromancy                   4
Miscellaneous
 C - a lightning rod (4/4)
 N - a lamp of fire
Comestibles
 a - 17 rations
 Q - 7 chunks of flesh


   Skills:
 + Level 6.1 Fighting
 + Level 11.6 Dodging
 - Level 1.7 Stealth
 - Level 4.0 Shields
 + Level 13.2 Unarmed Combat
 - Level 5.0 Spellcasting
 - Level 5.1 Conjurations
 - Level 5.1 Poison Magic
 - Level 10.0 Evocations


You had 19 spell levels left.
You knew the following spells:

 Your Spells              Type           Power        Failure   Level  Hunger
a - Mephitic Cloud        Conj/Pois/Air  ###.....     8%          3    ##.....


Dungeon Overview and Level Annotations

Branches:
Dungeon (15/15)            Temple (1/1) D:7            Lair (0/6) D:11
    Orc (0/2) D:10         Depths (0/5) D:15
 Vaults: D:13-14

Altars:
Ashenzari
Cheibriados
Dithmenos
Elyvilon
Fedhas
Gozag
Hepliaklqana
Kikubaaqudgha
Makhleb
Nemelex Xobeh
Okawaru
Qazlal
Ru
Sif Muna
Trog
Uskayaw
Vehumet
Wu Jian
Xom
Yredelemnul
Zin
The Shining One

Shops:
D:4 (   D:8 (   D:13 =   D:14 :

Portals:
Trove: D:15 (give +5 demon trident)

Annotations:
D:12 Maurice


Innate Abilities, Weirdness & Mutations

You can breathe blasts of noxious fumes.
Your lurid green scales are hard. (AC +8)
You cannot fit into any form of body armour.
Your system is resistant to poisons. (rPois)
You are cold-blooded and may be slowed by cold attacks.
You tend to lose your temper in combat.
Your mind is acute. (Int +2)
Your flesh is cold resistant. (rC+)


Message History

Press: ? - help, Shift-Dir - straight line, f/p - skeletal warrior
Aim: a skeletal warrior, wielding a morningstar of protection (heavily damaged, covered in acid, chance to defeat MR: 31%)
The skeletal warrior easily resists.
Found a potion of mutation.
Evoke which item? (* to show all) (? for menu, Esc to quit)
Aiming: Scattershot
Press: ? - help, Shift-Dir - straight line, f/p - skeletal warrior
Aim: a skeletal warrior, wielding a morningstar of protection (heavily damaged, covered in acid)
The burst of metal fragments hits the skeletal warrior. x11
The skeletal warrior is severely damaged.
The skeletal warrior is no longer covered in acid.
The skeletal warrior hits you but does no damage.
Evoke which item? (* to show all) (? for menu, Esc to quit)
Aiming: Scattershot
Press: ? - help, Shift-Dir - straight line, f/p - skeletal warrior
Aim: a skeletal warrior, wielding a morningstar of protection (severely damaged)
The burst of metal fragments hits the skeletal warrior. x8
The skeletal warrior is almost destroyed.
The skeletal warrior hits you with a morningstar of protection!
You die...

*,,,,,*
#.#............#.#
*,*****
#.#.######.......#
*,* #.#.#
#........ *,*
#.#.# ###.#..##
*,* #.#.# #.#..#
#.#######)#.#####
#.#..##
#.....)<)..)....#
#.#^...
#########.###.#.#
#...... #@# #.#,#
###..#. #z# #.#.#
#..#.
#.###.#.######..#.
#.......!.........
#####.#####.##.##.
#..).).).#....
#######†.....z
#.#####. #.# *...


You could see a skeletal warrior.

Vanquished Creatures
  A minotaur (Lab)
  A vault guard (D:14)
  A centaur warrior (D:14)
  A hydra (D:14)
  7 two-headed ogres
  A death yak (D:11)
  A death knight (D:12)
  5 skeletal warriors
  Pikel (D:4)
  A phantasmal warrior (D:14)
  2 deep elf magi (D:13)
  2 cyclopes
  5 ugly things
  4 gargoyles
  A komodo dragon (D:11)
  4 yaktaurs (D:15)
  3 freezing wraiths
  A meliai (shapeshifter) (D:15)
  A merfolk (D:9)
  4 trolls
  A minotaur zombie (Lab)
  3 meliai (D:15)
  2 slime creatures (D:14)
  A hippogriff (shapeshifter) (D:14)
  2 hippogriffs
  Sigmund (D:4)
  8 redbacks (D:14)
  A wraith (D:12)
  A shadow (D:11)
  A wyvern (D:11)
  6 yaks
  5 vampire mosquitoes
  4 fire bats (D:13)
  Menkaure (D:4)
  5 hungry ghosts
  An acid dragon (D:15)
  A hell hound (D:13)
  4 orc warriors
  A slave (D:4)
  5 ice beasts
  2 sky beasts
  A necrophage (D:9)
  A black bear (D:7)
  4 ogres
  11 centaurs
  A crocodile (D:15)
  A big kobold (D:14)
  9 bullfrogs
  7 scorpions
  15 killer bees
  A troll zombie (D:10)
  2 electric eels (D:12)
  3 howler monkeys
  6 lava snakes
  8 crimson imps
  A quasit (D:11)
  6 centaur zombies
  5 hounds
  3 orc priests
  2 bullfrog skeletons
  3 jellies
  13 orc wizards
  3 iguanas
  Ijyb (D:4)
  13 worker ants
  5 ogre zombies (D:10)
  A howler monkey skeleton (D:4)
  Robin (D:2)
  3 gnolls (D:9)
  8 adders
  5 shadow imps
  An ooze (D:4)
  3 worms
  5 dart slugs
  6 leopard geckos
  30 orcs
  8 giant cockroaches
  10 hobgoblins
  19 jackals
  4 quokkas
  9 bats
  7 frilled lizards
  15 goblins
  2 goblin skeletons (D:10)
  3 goblin zombies (D:10)
  A hobgoblin skeleton (D:10)
  3 hobgoblin zombies (D:10)
  11 kobolds
  2 leopard gecko skeletons
  2 orc skeletons (D:10)
  8 orc zombies (D:10)
  2 quokka skeletons
  8 rats
  A fire vortex (D:13)
406 creatures vanquished.

Vanquished Creatures (others)
  A fire vortex (D:13)
1 creature vanquished.

Grand Total: 407 creatures vanquished

Notes
Turn   | Place    | Note
-------+----------+-------------------------------------------
     0 | D:1      | KristoblXynda the Draconian Monk began the quest for the Orb.
     0 | D:1      | Reached XP level 1. HP: 19/19 MP: 1/1
   286 | D:1      | Reached XP level 2. HP: 26/26 MP: 2/2
   807 | D:2      | Noticed a crimson imp
   838 | D:2      | Reached XP level 3. HP: 28/31 MP: 3/3
   873 | D:2      | Reached skill level 4 in Unarmed Combat
   873 | D:2      | Reached XP level 4. HP: 6/38 MP: 4/4
  1472 | D:2      | Found a sacrificial altar of Ru.
  1736 | D:2      | Noticed Robin
  2069 | D:2      | Killed Robin
  2591 | D:3      | Reached XP level 5. HP: 44/45 MP: 5/5
  3205 | D:4      | Found a glowing golden altar of the Shining One.
  3272 | D:4      | Reached skill level 5 in Unarmed Combat
  3419 | D:4      | Found Utahuat's Weapon Shoppe.
  3419 | D:4      | Noticed Ijyb
  3432 | D:4      | Killed Ijyb
  3482 | D:4      | Reached XP level 6. HP: 22/51 MP: 6/6
  3734 | D:4      | Noticed Menkaure
  3757 | D:4      | Killed Menkaure
  3757 | D:4      | Reached skill level 1 in Evocations
  3962 | D:4      | Reached skill level 5 in Dodging
  4003 | D:4      | Reached skill level 6 in Unarmed Combat
  4217 | D:4      | Your scales start taking on a lurid green colour.
  4217 | D:4      | Reached XP level 7. HP: 57/57 MP: 8/8
  4217 | D:4      | Gained mutation: Your system is resistant to poisons. (rPois) [Green Draconian growth]
  4244 | D:4      | Noticed Sigmund
  4245 | D:4      | Noticed Pikel
  4271 | D:4      | Killed Sigmund
  4276 | D:4      | Killed Pikel
  4276 | D:4      | Reached skill level 7 in Unarmed Combat
  4276 | D:4      | Reached XP level 8. HP: 47/63 MP: 8/10
  4302 | D:4      | Found a shattered altar of Ashenzari.
  4834 | D:5      | Entered Level 5 of the Dungeon
  5117 | D:5      | Found a shattered altar of Ashenzari.
  5283 | D:5      | Reached skill level 8 in Unarmed Combat
  6319 | D:6      | Reached skill level 1 in Shields
  6421 | D:6      | Reached XP level 9. HP: 64/70 MP: 12/12
  6909 | D:6      | Found a stormy altar of Qazlal.
  6909 | D:6      | Found a deep blue altar of Sif Muna.
  7148 | D:7      | Found a staircase to the Ecumenical Temple.
  7152 | Temple   | Entered the Ecumenical Temple
  7196 | Temple   | Became a worshipper of the Wu Jian Council
  7196 | Temple   | Reached * piety under Wu Jian
  7196 | Temple   | Reached ** piety under Wu Jian
  7471 | D:7      | Reached skill level 5 in Evocations
  7993 | D:8      | Found a blossoming altar of Fedhas.
  8111 | D:8      | Found Ubauc's Antique Weapon Shoppe.
  8180 | D:8      | Noticed a two-headed ogre
  8569 | D:8      | Reached skill level 9 in Unarmed Combat
  8665 | D:8      | Found a snail-covered altar of Cheibriados.
  8689 | D:8      | Gained mutation: You tend to lose your temper in combat. [potion of mutation]
  8689 | D:8      | Gained mutation: Your flesh is cold resistant. (rC+) [potion of mutation]
  8689 | D:8      | Gained mutation: Your mind is acute. (Int +2) [potion of mutation]
  8865 | D:8      | Killed a two-headed ogre
  8915 | D:9      | Noticed a two-headed ogre
  8968 | D:9      | Noticed a troll
  8978 | D:9      | Killed a troll
  8996 | D:9      | Killed a two-headed ogre
  8996 | D:9      | Reached XP level 10. HP: 11/79 MP: 14/14
  9733 | D:9      | Noticed a two-headed ogre
  9755 | D:9      | Killed a two-headed ogre
  9755 | D:9      | Reached skill level 5 in Fighting
  9755 | D:9      | Reached skill level 10 in Unarmed Combat
 10427 | D:10     | Entered Level 10 of the Dungeon
 10552 | D:10     | Reached skill level 1 in Spellcasting
 10817 | D:10     | Noticed a two-headed ogre
 10826 | D:10     | Killed a two-headed ogre
 10887 | D:10     | Found a staircase to the Orcish Mines.
 10928 | D:10     | Reached *** piety under Wu Jian
 11125 | D:10     | Reached XP level 11. HP: 35/86 MP: 16/16
 11709 | D:10     | Learned a level 3 spell: Mephitic Cloud
 11850 | D:10     | Noticed a white ugly thing
 11868 | D:10     | Killed a white ugly thing
 12290 | D:11     | Reached **** piety under Wu Jian
 12292 | D:11     | Noticed a death yak
 12324 | D:11     | Noticed a death yak
 12328 | D:11     | Noticed a death yak
 12685 | D:11     | Noticed a two-headed ogre
 12709 | D:11     | Killed a two-headed ogre
 12878 | D:11     | Noticed a two-headed ogre
 12887 | D:11     | Killed a two-headed ogre
 12887 | D:11     | Reached skill level 11 in Unarmed Combat
 12937 | D:11     | Found a staircase to the Lair.
 13773 | D:11     | Reached skill level 1 in Poison Magic
 13983 | D:11     | Killed a death yak
 14020 | D:11     | Reached skill level 5 in Spellcasting
 14287 | D:12     | Noticed a death knight
 14302 | D:12     | Reached ***** piety under Wu Jian
 14304 | D:12     | Noticed a skeletal warrior
 14319 | D:12     | Killed a death knight
 14319 | D:12     | Reached XP level 12. HP: 19/94 MP: 19/19
 14646 | D:12     | Reached skill level 10 in Dodging
 14679 | D:12     | Noticed Maurice
 15110 | D:12     | You fall through a shaft for 3 floors!
 15110 | D:15     | Entered Level 15 of the Dungeon
 15135 | D:15     | Found a portal to a secret trove of treasure.
 15267 | D:15     | Found a labyrinth entrance.
 15273 | Lab      | Entered a labyrinth
 15901 | Lab      | Noticed a minotaur
 15912 | Lab      | Killed a minotaur
 15918 | Lab      | Got a transparent iron ring
 16158 | Lab      | Identified the ring of Intercession {Int+6 Dex+2} (You found it in a labyrinth)
 16689 | D:15     | Noticed a two-headed ogre
 16699 | D:15     | Killed a two-headed ogre
 16699 | D:15     | Reached skill level 5 in Poison Magic
 16859 | D:14     | Noticed a vault guard
 16919 | D:14     | Noticed a six-headed hydra
 16939 | D:14     | Reached skill level 10 in Evocations
 17227 | D:14     | Reached skill level 12 in Unarmed Combat
 17270 | D:14     | Noticed a death knight
 17458 | D:13     | Reached skill level 1 in Conjurations
 17697 | D:13     | Found Uguffekk's Jewellery Emporium.
 19331 | D:14     | Found Waadwam's Book Emporium.
 19342 | D:14     | Killed a six-headed hydra
 19856 | D:14     | Reached XP level 13. HP: 100/100 MP: 20/20
 20793 | D:14     | Reached skill level 5 in Conjurations
 21257 | D:15     | Reached skill level 13 in Unarmed Combat
 21430 | D:15     | HP: 4/102 [skeletal warrior/hand axe[a skeletal warrior] (10)]
 21442 | D:15     | Slain by a skeletal warrior

Vault maps used:
D:1:      dpeg_arrival_boxorama
D:2:      marbit_many_paths, uniq_robin
D:3:      first_ration
D:4:      tso_oasis_becter, nicolae_overflow_hidden_temple, serial_shops, shop,
          uniq_sigmund, uniq_pikel, uniq_ijyb, uniq_menkaure
D:5:      kennysheep_big_flooded_room, serial_glass, glass_columns_a,
          glass_columns_c, minivault_27, evilmike_ruin_ashenzari
D:6:      gammafunk_temple_overflow_pools
D:7:      minmay_temple_entry_grid
D:8:      fedhas_altar_1, cheibrodos_worm_habitat, serial_shops, shop
D:9:      hangedman_fish_farm, grunt_ministairs_6
D:10:     zombieorc1_lemuel, minmay_door_square
D:11:     dpeg_lair_monsters
D:12:     eino_tiny_chamber, uniq_maurice
D:13:     serial_shops, shop_fountains, st_stairs_5, hangedman_incinerator
D:14:     grunt_vaults_entry_fortified, serial_shops, shop,
          kennysheep_minor_cross, spider_trap
D:15:     grunt_enter_depths_hoard, nicolae_trove_entry_crystal,
          lab_entry_generic
Temple:   regret_index_temple_waves
Lab:      labyrinth_hidden_loot, lab_hedge, nicolae_lab_garden,
          nicolae_lab_diamond, lab_fountain, labyrinth_lava_lair,
          nicolae_lab_grate_2, labyrinth_skeletal_remains

Skill      XL: |  1  2  3  4  5  6  7  8  9 10 11 12 13 |
---------------+----------------------------------------+-----
Dodging        | 3 4 5 6 7 8 9 11 | 11.6
Unarmed Combat | 4 5 6 7 8 9 10 11 12 13 | 13.2
Evocations     | 1 3 4 6 7 9 10 | 10.0
Shields        | 1 4 |  4.0
Fighting       | 4 5 6 |  6.1
Spellcasting   | 2 5 |  5.0
Poison Magic   | 3 5 |  5.1
Conjurations   | 4 5 |  5.1
Stealth        | |  1.7

Action                   |  1- 3 |  4- 6 |  7- 9 | 10-12 | 13-15 || total
-------------------------+-------+-------+-------+-------+-------++-------
Melee: Unarmed           |   156 |   263 |   373 |   990 |   118 ||  1900
       Tailslap          |    19 |    22 |    46 |   174 |    24 ||   285
       Punch             |     1 |     3 |     4 |       |       ||     8
Invok: Lunge             |       |       |     4 |    60 |     5 ||    69
       Wall Jump         |       |       |     3 |    45 |    14 ||    62
       Whirlwind         |       |       |     1 |    49 |     5 ||    55
 Abil: Breathe Noxious F |       |       |     8 |    18 |     2 ||    28
       Evoke Flight      |       |       |       |     3 |       ||     3
Evoke: Wand              |       |     2 |     7 |    10 |    14 ||    33
       Lightning rod     |       |       |       |     4 |       ||     4
  Use: Potion            |     2 |     6 |     1 |     3 |     1 ||    13
       Scroll            |       |       |    15 |    16 |     1 ||    32
 Stab: Sleeping          |     5 |     7 |     2 |     9 |       ||    23
       Confused          |       |       |     7 |    20 |     2 ||    29
       Distracted        |       |       |       |     2 |       ||     2
       Paralysed         |       |       |       |     4 |       ||     4
  Eat: Chunk             |       |     7 |    22 |    40 |     8 ||    77
       Ration            |       |     1 |     1 |     3 |       ||     5
Armor: Skin              |    40 |    62 |    66 |   189 |    69 ||   426
Dodge: Dodged            |   119 |   157 |   230 |   520 |    45 ||  1071
Block: Buckler           |       |       |    33 |   161 |    29 ||   223

Table legend:
 A = Spawn XP
 B = Non-spawn XP
 C = Spawn XP percentage of total XP
 D = Spawn monster count
 E = Non-spawn monster count
 F = Spawn count percentage of total count
 G = Total turns spent on level
                    A         B        C        D         E        F      G
               +---------+---------+-------+---------+---------+-------+---------
         Total |       0 |   48848 |   0.0 |       0 |     404 |   0.0 | 21442
               +---------+---------+-------+---------+---------+-------+---------
           D:1 |       0 |      35 |   0.0 |       0 |      23 |   0.0 |  1052
           D:2 |       0 |     144 |   0.0 |       0 |      38 |   0.0 |  1423
           D:3 |       0 |      61 |   0.0 |       0 |      14 |   0.0 |   724
           D:4 |       0 |    1379 |   0.0 |       0 |      22 |   0.0 |  1635
           D:5 |       0 |     608 |   0.0 |       0 |      21 |   0.0 |  1212
           D:6 |       0 |     799 |   0.0 |       0 |      25 |   0.0 |  1060
           D:7 |       0 |     367 |   0.0 |       0 |       8 |   0.0 |   757
           D:8 |       0 |    1293 |   0.0 |       0 |       8 |   0.0 |   922
           D:9 |       0 |    3192 |   0.0 |       0 |      28 |   0.0 |  1515
          D:10 |       0 |    4313 |   0.0 |       0 |      51 |   0.0 |  1786
          D:11 |       0 |    7634 |   0.0 |       0 |      53 |   0.0 |  2289
          D:12 |       0 |    4565 |   0.0 |       0 |      34 |   0.0 |   608
          D:13 |       0 |    3827 |   0.0 |       0 |      24 |   0.0 |  1852
          D:14 |       0 |   10714 |   0.0 |       0 |      27 |   0.0 |  2622
          D:15 |       0 |    8367 |   0.0 |       0 |      22 |   0.0 |   734
           Lab |       0 |    1550 |   0.0 |       0 |       6 |   0.0 |  1124
               +---------+---------+-------+---------+---------+-------+---------
